 Dungeon Crawl Stone Soup version 0.27.0-1-g7a089689b8 (webtiles) character file.

Game seed: 7213528195542779911

471 ZombieSheep the Chucker (level 6, -6/61 HPs)
             Began as a Troll Hunter on Aug 1, 2021.
             Killed by nerve-wracking pain
             ... invoked by Menkaure
              (11 damage)
             ... on level 4 of the Dungeon.
             The game lasted 00:06:16 (2552 turns).

ZombieSheep the Chucker (Troll Hunter)              Turns: 2552, Time: 00:06:17

Health: -6/61      AC: 10    Str: 21    XL:     6   Next: 83%
Magic:  5/5        EV: 10    Int:  7    God:
Gold:   87         SH:  0    Dex: 12    Spells: 5/5 levels left

rFire    . . .     SeeInvis .     - Unarmed
rCold    . . .     Faith    .   (no shield)
rNeg     . . .     Spirit   .   b - +1 robe
rPois    .         Reflect  .   (helmet restricted)
rElec    .         Harm     .   j - +0 cloak
rCorr    .         Rampage  .   (gloves unavailable)
Will     .....                  (boots unavailable)
Stlth    +.........             (no amulet)
HPRegen  1.20/turn              a - +4 ring of protection
MPRegen  0.09/turn              (no ring)

@: no status effects
A: large, unfitting armour, claws 3, regeneration 1, shaggy fur 1, tough skin 1
a: no special abilities


You were on level 4 of the Dungeon.
You visited 1 branch of the dungeon, and saw 4 of its levels.

You collected 87 gold pieces.

Inventory:

Missiles
 c - 5 large rocks (quivered)
 d - 2 throwing nets
 e - 2 boomerangs of dispersal
Armour
 b - a +1 robe (worn)
 j - a +0 cloak (worn)
Jewellery
 a - a +4 ring of protection (left claw)
 f - a ring of willpower
Potions
 h - a potion of curing


   Skills:
 + Level 3.2 Fighting
 + Level 4.8 Throwing
 + Level 3.3 Dodging
 - Level 0.3 Stealth
 + Level 3.3 Unarmed Combat


You had 5 spell levels left.
You didn't know any spells.
Your spell library contained the following spells:

 Spells                   Type           Power      Damage    Failure   Level
 Blink                    Tloc           N/A        N/A       56%         2
 Ensorcelled Hibernation  Hex/Ice        0%         N/A       56%         2
 Lesser Beckoning         Tloc           0%         N/A       80%         3
 Spider Form              Tmut/Pois      0%         N/A       80%         3
 Manifold Assault         Tloc           0%         N/A       100%        5
 Shadow Creatures         Summ           N/A        N/A       100%        6


Dungeon Overview and Level Annotations

Branches:
Dungeon (4/15)
 Temple: D:4-7

Altars:
Hepliaklqana
Qazlal
Trog
Vehumet
Zin

Shops:
D:3 (

Annotations:
D:4 Menkaure


Innate Abilities, Weirdness & Mutations

You are too large for most types of armour.
You have claws for hands.
Your natural rate of healing is unusually fast.
You are covered in fur. (AC +1)
You have tough skin. (AC +1)


Message History

Menkaure hits you but does no damage.
You scratch Menkaure.
Menkaure is lightly damaged.
Menkaure hits you.
You scratch Menkaure but do no damage.
Menkaure is lightly damaged.
Menkaure hits you!
You scratch Menkaure but do no damage.
Menkaure is lightly damaged.
Menkaure barely misses you.
You scratch Menkaure but do no damage.
Menkaure is lightly damaged.
Menkaure giggles, "These cerements are ticklish..."
Menkaure hits you!!
Menkaure whispers a few words.
Menkaure hits you!
* * * LOW HITPOINT WARNING * * *
You scratch Menkaure but do no damage.
Menkaure is lightly damaged.
Menkaure hits you.
* * * LOW HITPOINT WARNING * * *
You claw Menkaure!
Menkaure is severely damaged.
Menkaure casts a spell at you. Pain shoots through your body!
* * * LOW HITPOINT WARNING * * *
You barely miss Menkaure.
Menkaure is severely damaged.
Menkaure calls on the powers of darkness!
You feel a surge of unholy energy. The howler monkey skeleton misses you.
Unknown command.
You scratch Menkaure but do no damage.
Menkaure is severely damaged.
Menkaure barely misses you.
The howler monkey skeleton barely misses you.
You scratch Menkaure.
Menkaure is severely damaged.
Menkaure gestures at you while chanting.
Pain shoots through your body!
You die...

#. .. ....
#.... ......
##..#. #.!....
#..... .......
#...#. .......
#....###......
#..............
#......##....
##.<#@Z..#
##.#.M.....#
#.###.....# #.#
#.#..# ≈≈#
..... ... #...
... ... ..#. ..


You could see Menkaure (fast) and a howler monkey skeleton.

Vanquished Creatures
  Grinder (D:3)
  Crazy Yiuf (D:2)
  2 orc priests (D:3)
  2 orc wizards (D:3)
  Robin (D:3)
  4 adders
  An ufetubus (D:4)
  A worm (D:3)
  4 dart slugs (D:2)
  2 orcs (D:3)
  5 ball pythons
  4 endoplasms
  A giant cockroach (D:2)
  7 hobgoblins
  7 jackals
  3 quokkas (D:1)
  5 bats
  2 frilled lizards
  14 goblins
  5 kobolds
  7 rats
79 creatures vanquished.

Notes
Turn   | Place    | Note
-------+----------+-------------------------------------------
     0 | D:1      | ZombieSheep the Troll Hunter began the quest for the Orb.
     0 | D:1      | Reached XP level 1. HP: 19/19 MP: 0/0
   136 | D:1      | Reached XP level 2. HP: 28/28 MP: 1/1
   334 | D:1      | Reached skill level 1 in Unarmed Combat
   940 | D:2      | Reached XP level 3. HP: 35/35 MP: 2/2
   962 | D:2      | Found a faded altar of an unknown god.
  1215 | D:2      | Found a runed translucent door.
  1216 | D:2      | Noticed Crazy Yiuf
  1289 | D:2      | Killed Crazy Yiuf
  1290 | D:2      | Reached skill level 4 in Throwing
  1290 | D:2      | Reached XP level 4. HP: 7/42 MP: 3/3
  1481 | D:2      | Found a radiant altar of Vehumet.
  1644 | D:3      | Reached XP level 5. HP: 40/50 MP: 4/4
  1700 | D:3      | Noticed Grinder
  1700 | D:3      | Paralysed by Grinder for 6 turns
  1708 | D:3      | Killed Grinder
  1709 | D:3      | Reached XP level 6. HP: 57/61 MP: 5/5
  1783 | D:3      | Found Qohaosoer's Weapon Shoppe.
  1855 | D:3      | Found a bloodstained altar of Trog.
  1869 | D:3      | Found a radiant altar of Vehumet.
  1946 | D:3      | Noticed Robin
  1975 | D:3      | Killed Robin
  2341 | D:3      | Found a stormy altar of Qazlal.
  2358 | D:3      | Found a hazy altar of Hepliaklqana.
  2402 | D:3      | Found a glowing silver altar of Zin.
  2541 | D:4      | Noticed Menkaure
  2549 | D:4      | HP: 1/61 [Menkaure/nerve-wracking pain (12)]
  2552 | D:4      | Killed from afar by Menkaure

Illustrated notes

Levels and vault maps discovered:
D:1:      mushboom_english_gardens, layout_loops_ring,
          chequers_decorated_corner, st_stairs_5
D:2:      layout_rooms, basic_altar, hellmonk_ecumenical_altar_blasted,
          uniq_crazy_yiuf_cottage
D:3:      layout_basic, nicolae_qazlal_scattered_showers,
          nicolae_overflow_quartered_altars, serial_shops,
          nicolae_shop_temple_entry_statues_fountains, uniq_grinder, uniq_robin
D:4:      layout_rooms, mainiacjoe_overflow_paths, portal_sewer_entry_e,
          serial_rivers, chequers_serial_rivers_small_3,
          chequers_serial_rivers_marsh, chequers_serial_rivers_micro_d,
          chequers_serial_rivers_micro_e, chequers_serial_rivers_micro_c,
          kennysheep_generic_room_16, uniq_menkaure

Skill      XL: |  1  2  3  4  5 |
---------------+----------------+-----
Unarmed Combat | 1 2 3 |  3.3
Dodging        | 2 3 |  3.3
Fighting       | 2 3 |  3.2
Throwing       | 4 |  4.8
Stealth        | |  0.3

Action                   |  1- 3 |  4- 6 || total
-------------------------+-------+-------++-------
Melee: Unarmed           |   132 |   125 ||   257
       Short sword       |     4 |       ||     4
Throw: Large rock        |       |     3 ||     3
  Use: Scroll            |     2 |     4 ||     6
 Stab: Sleeping          |     1 |     1 ||     2
Armor: Robe              |    48 |    54 ||   102
Dodge: Dodged            |    69 |    51 ||   120
